Map: 갤럭틱 프로세스 - 래더

Players

TrafalgarLaw (JimRising) - Winner!

  • Race: Zerg Zerg
  • League: Master

Slimshady

  • Race: Terran Terran
  • League: Master

VOD

Have the link to the VOD?

Description

Time

  • Played on: Oct. 29, 2016, 11:56 p.m.
  • Length: 5:03
Show
View Real Time Build Order
Export as new Build Order

TrafalgarLaw Zerg - Winner!

Build Orders: Pool Only, Ravager All-In 

Get SALT Encoding   

  12  0:03  Drone  
  13  0:14  Drone  
  14  0:25  Spawning Pool  
  13  0:30  Drone  
  14  0:39  Extractor  
  14  0:40  Drone  
  14  0:44  Overlord  
  14  1:02  Drone x2  
  14  1:03  Drone  
  17  1:15  Roach Warren  
  17  1:17  Drone  
  17  1:26  Queen  
  17  1:30  Extractor  
  18  1:33  Drone  
  18  1:37  Drone  
  20  1:45  Overlord  
  20  1:58  Roach  
  22  2:06  Overlord  
  22  2:18  Roach  
  24  2:30  Roach  
  24  2:36  Roach  
  28  2:38  Roach  
  28  2:39  Overlord  
  30  2:47  Roach  
  32  2:59  Roach  
  32  3:01  Ravager  
  32  3:04  Roach  
  37  3:23  Roach x3  
  37  3:26  Ravager  
  44  3:33  Ravager  
  46  3:34  Ravager  
  46  3:35  Overlord  
  46  3:53  Roach x2  
  50  4:00  Roach  
  52  4:07  Roach  
  52  4:33  Ravager x2  
Show
View Real Time Build Order
Export as new Build Order

Slimshady Terran 

Build Orders: Reaper Expand 

Get SALT Encoding   

  12  0:00  SCV  
  13  0:12  SCV  
  14  0:17  Supply Depot  
  14  0:24  SCV  
  15  0:38  SCV  
  15  0:40  Barracks  
  16  0:45  Refinery  
  16  0:50  SCV  
  17  1:02  SCV  
  18  1:15  SCV  
  19  1:30  Reaper, Orbital Command  
  20  1:45  Command Center, Unknown  
  20  1:53  Supply Depot  
  20  1:55  SCV  
  21  2:01  Marine  
  22  2:09  Factory  
  22  2:15  SCV  
  23  2:25  Barracks Reactor  
  23  2:33  SCV  
  24  2:50  Bunker  
  24  2:51  SCV  
  24  2:54  Factory Tech Lab  
  24  2:55  Starport, Marine  
  24  2:56  Unknown  
  25  3:01  Bunker  
  25  3:04  Refinery  
  25  3:07  Orbital Command  
  25  3:13  Marine  
  27  3:27  SCV  
  26  3:47  Siege Tank  
  29  3:50  Marine  
  29  3:51  SCV x2  
  31  4:03  Medivac  
  31  4:07  Marine  
  34  4:11  SCV  
  34  4:12  SCV  
  29  4:50  SCV  
Tags
 
Add a new tag
Caveats
  • Supply blocks, unpowered buildings, or Contaminate may cause inaccurate times.
  • Supply counts are checked every 10 seconds.